 Dungeon Crawl Stone Soup version 0.16-a0-3602-g9bd3662 (webtiles) character file.

6803 ketsa the Impaler (level 11, -2/83 HPs)
             Began as a Merfolk Berserker on Jan 12, 2015.
             Was the Champion of Trog.
             Slain by a bone dragon (6 damage)
             ... on level 1 of the Abyss.
             The game lasted 00:54:11 (13025 turns).

ketsa the Impaler (Merfolk Berserker)              Turns: 13025, Time: 00:54:12

Health: -2/83      AC:  8    Str: 18    XL:     11   Next: 5%
Magic:  11/11      EV: 20    Int:  7    God:    Trog [******]
Gold:   356        SH:  0    Dex: 16    Spells: 0 memorised, 10 levels left

rFire  . . .     SeeInvis .     z - +1 trident
rCold  . . .     Clarity  +     D - +1 leather armour
rNeg   . . .     SustAb   .     (no shield)
rPois  .         Gourm    .     (no helmet)
rElec  .         Spirit   .     (no cloak)
rCorr  .         Warding  .     (no gloves)
rMut   .         Rnd*Tele +     S - +0 pair of boots
MR     .....                    (no amulet)
Stlth  +.........               C - ring of teleportation
                                F - +3 ring of protection

@: exhausted, slowed, very slow, not resistant to hostile enchantments, very
unstealthy
A: change form in water, swift swim, clarity
a: Burn Spellbooks, Berserk, Trog's Hand, Brothers in Arms, Renounce Religion,
Evoke Teleportation


You were on level 1 of the Abyss.
You worshipped Trog.
Trog was exalted by your worship.
You were hungry.

You visited 1 branch of the dungeon, and saw 12 of its levels.
You visited the Abyss 1 time.

You collected 356 gold pieces.

Inventory:

Hand weapons
 d - a +0 hunting sling of flaming
 u - a +0 rapier of freezing
 z - a +1 trident (weapon)
 E - a +0 blowgun
 H - a +0 scythe
Missiles
 g - 6 tomahawks
 h - 103 stones (quivered)
 i - 19 steel bolts
 v - 3 poisoned tomahawks
 L - 21 sling bullets
 X - 8 needles of slowing
Armour
 f - a +0 ring mail
 j - a +0 buckler
 D - a +1 leather armour (worn)
 S - a +0 pair of boots (worn)
Jewellery
 a - a +2 ring of protection
 C - a ring of teleportation (right hand)
 F - a +3 ring of protection (left hand)
 Q - an uncursed ring of magical power
Magical devices
 A - a wand of confusion (20)
 G - a wand of digging (10)
 J - a wand of digging (11)
 O - a wand of disintegration (16)
Scrolls
 x - a scroll of enchant armour
 y - 3 scrolls of identify
 I - 4 scrolls of remove curse
 P - a scroll of random uselessness
Potions
 n - 3 potions of agility
 r - a potion of heal wounds {unknown}
 T - a potion of restore abilities {unknown}
 W - a potion of might
Books
 e - An Introduction to Witchery
   (You found it on level 9 of the Dungeon)

   Spells                             Type                      Level
   a - Infusion                       Charms                       1
   b - Pain                           Necromancy                   1
   c - Summon Butterflies             Summoning                    1
   d - Summon Small Mammal            Summoning                    1
   e - Apportation                    Translocation                1
   Trog disapproves of the use of such an item.
 m - Sif Muna's Collected Works on Attacks
   (You found it on level 5 of the Dungeon)

   Spells                             Type                      Level
   a - Sting                          Conjuration/Poison           1
   Trog disapproves of the use of such an item.
 p - Vehumet's Incunabulum of Arcane Weapons
   (You found it on level 5 of the Dungeon)

   Spells                             Type                      Level
   a - Magic Dart                     Conjuration                  1
   Trog disapproves of the use of such an item.
 w - a book of Burglary

   Spells                             Type                      Level
   a - Swiftness                      Charms/Air                   2
   b - Passwall                       Transmutation/Earth          3
   c - Passage of Golubria            Translocation                4
   d - Lee's Rapid Deconstruction     Earth                        5
   e - Invisibility                   Hexes                        6
   f - Darkness                       Hexes                        7
   Trog disapproves of the use of such an item.
 M - an Akashic Record {highlevel, unknown}

   This book is beyond your current level of understanding.

   Spells                             Type                      Level
   a - Dispersal                      Translocation                6
   b - Controlled Blink               Translocation                7
   c - Malign Gateway                 Summoning/Translocation      7
   d - Disjunction                    Translocation                8
   e - Singularity                    Translocation                9
   Trog disapproves of the use of such an item.
 U - a book of Annihilations {highlevel, unknown}

   This book is beyond your current level of understanding.

   Spells                             Type                      Level
   a - Poison Arrow                   Conjuration/Poison           6
   b - Chain Lightning                Conjuration/Air              8
   c - Lehudib's Crystal Spear        Conjuration/Earth            8
   d - Glaciate                       Conjuration/Ice              9
   e - Fire Storm                     Conjuration/Fire             9
   Trog disapproves of the use of such an item.
Comestibles
 b - 3 meat rations
 c - 8 bread rations
 k - 4 chunks of flesh
 l - 2 beef jerkies
 B - 2 fruits


   Skills:
 * Level 6.9 Fighting
 + Level 17.0 Polearms
 - Level 1.3 Armour
 + Level 12.0 Dodging


You had 10 spell levels left.
You didn't know any spells.

Dungeon Overview and Level Annotations

Branches:
Dungeon (12/15)               Orc (0/4) D:11
 Temple: D:4-7         Lair: D:8-11

Altars:
Ashenzari
Cheibriados
Kikubaaqudgha
Makhleb
Nemelex Xobeh
Okawaru
Ru
Sif Muna
Vehumet
Xom
Zin
The Shining One
Beogh

Shops:
D:5 [   D:6 !

Annotations:
D:4 Natasha
D:6 Pikel
D:10 Erolcha


Innate Abilities, Weirdness & Mutations

You revert to your normal form in water.
You are very nimble and swift while swimming.
You possess an exceptional clarity of mind.


Message History

As you read the scroll of blinking, it crumbles to dust.
The brown ugly thing stings you!
You are splashed with acid!
The acid burns!
* * * LOW HITPOINT WARNING * * *
Drink which item? (? for menu, Esc to quit)
Okay, then.
Evoke which item? (* to show all) (? for menu, Esc to quit)
Okay, then.
Read which item? (? for menu, Esc to quit)
Okay, then.
Use which ability? (? or * to list)
You fail to use your ability.
The brown ugly thing completely misses you.
A brown very ugly thing comes into view.
The brown very ugly thing gurgles horribly!
The brown ugly thing gurgles horribly!
The brown ugly thing completely misses you.
The bone dragon bites you!
* * * LOW HITPOINT WARNING * * *
The bone dragon claws you.
You die...

. ##. . #. #.##.##
##....#.#.#
.%...#...#.## .
......#....## # ##
..
..u#u......##.#..
....#.#.#.#.......#
.........D.......##
..#####@u..%.....#
#.#.#.#..#.###
#.#.##..#....#
#.#.##..#...#
..#......# .#
######.....##
#..##.# #.#...∩#
##.#.####


You could see a bone dragon, a brown very ugly thing and 2 ugly things.

Vanquished Creatures
  Gastronok (D:10)
  Joseph (D:7)
  A kobold demonologist (D:12)
  Prince Ribbit (D:9)
  Eustachio (D:4)
  3 deep elf magi
  A steam dragon (D:11)
  4 hippogriffs
  Edmund (D:6)
  2 sky beasts
  2 ice beasts (D:7)
  3 orc warriors
  A slave (D:6)
  4 phantoms
  A black bear (D:8)
  3 ogres
  Sigmund (D:7)
  Duvessa (D:4)
  2 giant frogs (D:7)
  3 scorpions
  2 wyvern skeletons (D:9)
  7 killer bees
  A wight (D:12)
  A goliath beetle (D:6)
  Dowan (D:4)
  3 crimson imps
  A quasit (D:4)
  A jelly (D:7)
  An iron imp (D:4)
  An orc priest (D:6)
  11 hounds
  6 orc wizards
  Natasha (D:4)
  2 iguanas
  6 worker ants
  Ijyb (D:3)
  Jessica (D:3)
  A hound skeleton (D:9)
  11 adders
  3 gnolls (D:5)
  A giant mite (D:7)
  3 shadow imps
  A white imp (D:8)
  5 worms
  An adder skeleton (D:8)
  An adder zombie (D:6)
  7 giant geckos
  An ooze (D:6)
  43 orcs
  A bat zombie (D:7)
  3 giant cockroaches
  13 hobgoblins
  15 jackals
  5 quokkas
  12 bats
  3 giant newts
  17 goblins
  A jackal skeleton (D:5)
  12 kobolds
  14 rats
  A ballistomycete (D:11)
259 creatures vanquished.

Vanquished Creatures (others)
  An ogre (D:9)
  A wight (D:11)
  An adder (D:6)
  A giant cockroach (D:6)
  A quokka (D:6)
  A giant spore (D:11)
  2 rats
8 creatures vanquished.

Grand Total: 267 creatures vanquished

Notes
Turn   | Place    | Note
--------------------------------------------------------------
     0 | D:1      | ketsa, the Merfolk Berserker, began the quest for the Orb.
     0 | D:1      | Reached XP level 1. HP: 18/18 MP: 1/1
   135 | D:1      | Reached XP level 2. HP: 21/24 MP: 2/2
   207 | D:1      | Reached skill level 5 in Polearms
   730 | D:1      | Acquired Trog's second power
  1038 | D:1      | Reached XP level 3. HP: 22/29 MP: 3/3
  1280 | D:2      | Found a glowing golden altar of the Shining One.
  1578 | D:2      | Found a burning altar of Makhleb.
  1578 | D:2      | Found a glowing silver altar of Zin.
  1579 | D:2      | Noticed an angel
  1579 | D:2      | Noticed a green death
  1686 | D:2      | Reached skill level 6 in Polearms
  2350 | D:3      | Reached XP level 4. HP: 35/35 MP: 4/4
  2719 | D:3      | Noticed Ijyb
  2730 | D:3      | Killed Ijyb
  2734 | D:3      | Noticed Jessica
  2736 | D:3      | Killed Jessica
  2736 | D:3      | Reached skill level 7 in Polearms
  2800 | D:3      | Gained mutation: You are agile. (Dex +2) [potion of mutation]
  2800 | D:3      | Lost mutation: You are agile. (Dex +2) [potion of mutation]
  2800 | D:3      | Gained mutation: You possess an exceptional clarity of mind. [potion of mutation]
  3005 | D:3      | Reached XP level 5. HP: 30/41 MP: 5/5
  3124 | D:3      | You fall through a shaft for 3 floors!
  3154 | D:5      | Entered Level 5 of the Dungeon
  3163 | D:5      | Noticed a phantom
  3278 | D:5      | Noticed a phantom
  4095 | D:3      | Reached skill level 8 in Polearms
  4384 | D:4      | Reached XP level 6. HP: 47/47 MP: 6/6
  4401 | D:3      | Reached skill level 5 in Dodging
  4511 | D:4      | Found a snail-covered altar of Cheibriados.
  4530 | D:4      | Noticed Duvessa
  4656 | D:4      | Killed Duvessa
  4671 | D:4      | Noticed Dowan
  4706 | D:4      | Killed Dowan
  4706 | D:4      | Reached skill level 9 in Polearms
  4713 | D:4      | Acquired Trog's third power
  4756 | D:4      | Noticed a phantom
  4801 | D:4      | Killed a phantom
  4801 | D:4      | Reached XP level 7. HP: 49/52 MP: 7/7
  4853 | D:4      | Noticed Natasha
  5038 | D:4      | Found an iron altar of Okawaru.
  5523 | D:4      | Reached skill level 10 in Polearms
  5925 | D:4      | Noticed Eustachio
  5946 | D:4      | Killed Eustachio
  6176 | D:4      | Killed Natasha
  6186 | D:4      | Noticed Natasha
  6270 | D:5      | Found Uwnouhil's Antique Armour Shoppe.
  6406 | D:5      | Found a sacrificial altar of Ru.
  6433 | D:5      | Killed a phantom
  6433 | D:5      | Reached skill level 11 in Polearms
  6433 | D:5      | Reached XP level 8. HP: 47/58 MP: 8/8
  6633 | D:5      | Found an ancient bone altar of Kikubaaqudgha.
  6637 | D:5      | Identified Kikubaaqudgha's Handbook of Necromancy
  6641 | D:5      | Found a deep blue altar of Sif Muna.
  6650 | D:5      | Identified Sif Muna's Collected Works on Attacks
  6656 | D:5      | Found a radiant altar of Vehumet.
  6661 | D:5      | Identified Vehumet's Incunabulum of Arcane Weapons
  6745 | D:6      | Noticed Pikel
  6745 | D:6      | Noticed a slave
  6745 | D:6      | Noticed a slave
  6745 | D:6      | Noticed a slave
  6745 | D:6      | Noticed a slave
  6880 | D:6      | Noticed an orc warrior
  6902 | D:6      | Killed an orc warrior
  6938 | D:6      | Noticed Edmund
  6967 | D:6      | Killed Edmund
  6967 | D:6      | Reached skill level 12 in Polearms
  7062 | D:6      | Found Ylialel's Distillery.
  7360 | D:5      | Received a gift from Trog
  7516 | D:6      | Noticed an orc warrior
  7534 | D:6      | Killed an orc warrior
  7723 | D:6      | Found a shimmering altar of Xom.
  7912 | D:6      | Killed a slave
  7925 | D:6      | Reached skill level 13 in Polearms
  8328 | D:7      | Reached XP level 9. HP: 60/64 MP: 9/9
  8747 | D:7      | Reached skill level 14 in Polearms
  9342 | D:8      | Found a shattered altar of Ashenzari.
  9355 | D:8      | Reached skill level 10 in Dodging
  9579 | D:7      | Noticed Sigmund
  9588 | D:7      | Killed Sigmund
  9588 | D:7      | Reached skill level 15 in Polearms
  9748 | D:7      | Noticed Joseph
  9770 | D:7      | Killed Joseph
 10133 | D:7      | Reached XP level 10. HP: 56/70 MP: 10/10
 10908 | D:8      | Reached skill level 16 in Polearms
 11364 | D:8      | Found a sparkling altar of Nemelex Xobeh.
 12002 | D:9      | Noticed Prince Ribbit
 12014 | D:9      | Identified An Introduction to Witchery
 12203 | D:9      | Killed Prince Ribbit
 12414 | D:9      | You fall through a shaft for 2 floors!
 12414 | D:11     | Found a roughly hewn altar of Beogh.
 12414 | D:11     | Found a staircase to the Orcish Mines.
 12414 | D:11     | Noticed an orc knight
 12449 | D:12     | Reached skill level 5 in Fighting
 12960 | D:10     | Entered Level 10 of the Dungeon
 12983 | D:10     | Noticed Gastronok
 12991 | D:10     | Noticed Erolcha
 12999 | D:10     | Killed Gastronok
 12999 | D:10     | Reached skill level 17 in Polearms
 12999 | D:10     | Reached XP level 11. HP: 83/83 MP: 11/11
 13000 | D:10     | Cast into the Abyss (Erolcha)
 13005 | Abyss:1  | Noticed a bone dragon
 13025 | Abyss:1  | Noticed a brown very ugly thing
 13025 | Abyss:1  | HP: 4/83 [bone dragon (11)]
 13025 | Abyss:1  | Slain by a bone dragon

Action                   |  1- 3 |  4- 6 |  7- 9 | 10-12 || total
-------------------------+-------+-------+-------+-------++-------
Melee: Spear             |   121 |       |       |       ||   121
       Trident           |    16 |   225 |   557 |   296 ||  1094
Throw: Tomahawk          |     2 |     2 |    10 |       ||    14
       Stone             |       |       |     5 |    13 ||    18
Invok: Berserk           |       |     4 |     8 |     5 ||    17
       Burn Spellbooks   |       |       |       |     1 ||     1
  Use: Potion            |       |     2 |     3 |       ||     5
       Scroll            |       |     5 |     8 |     6 ||    19
 Stab: Sleeping          |     3 |       |       |       ||     3
       Invisible         |       |       |     2 |       ||     2
       Distracted        |       |       |       |     1 ||     1
  Eat: Chunk             |     4 |     9 |    17 |    12 ||    42
       Fruit             |       |     4 |     2 |     2 ||     8
       Meat ration       |       |       |     1 |       ||     1
       Beef jerky        |       |       |     1 |       ||     1
